 Dungeon Crawl Stone Soup version 0.30-a0-371-gad7725a93e (webtiles) character file.

Game seed: 10696713864221373394

46 qeuew the Trooper (level 3, 0/29 HPs)
             Began as a Demonspawn Chaos Knight on Nov 23, 2022.
             Was a Plaything of Xom.
             Slain by a gnoll
             ... wielding a +0 spear
              (2 damage)
             ... on level 2 of the Dungeon.
             The game lasted 00:01:39 (1085 turns).

qeuew the Trooper (Demonspawn Chaos Knight)         Turns: 1085, Time: 00:01:40

Health: 0/29       AC:  5    Str: 14    XL:     3   Next: 46%
Magic:  3/3        EV: 11    Int: 13    God:    Xom [...*..]
Gold:   118        SH:  0    Dex: 18    Spells: 2/2 levels left

rFire   . . .      SeeInvis .    f - +0 war axe
rCold   . . .      Faith    .    (no shield)
rNeg    . . .      Spirit   .    b - +2 leather armour
rPois   .          Reflect  .    (no helmet)
rElec   .          Harm     .    (no cloak)
rCorr   .          Rampage  .    (no gloves)
Will    +....                    (no boots)
Stlth   +.........               (no amulet)
HPRegen 0.24/turn                h - +6 ring of dexterity
MPRegen 0.08/turn                i - ring of willpower

@: no status effects
A: demonic touch 1
a: Renounce Religion


You were on level 2 of the Dungeon.
You worshipped Xom.
You were a favourite toy of Xom.
You visited 1 branch of the dungeon, and saw 2 of its levels.

You collected 118 gold pieces.

Inventory:

Hand Weapons
 f - a +0 war axe (weapon)
Armour
 b - a +2 leather armour (worn)
Jewellery
 h - a +6 ring of dexterity (left hand)
 i - a ring of willpower (right hand)
Scrolls
 e - a scroll of identify
Miscellaneous
 c - a piece from Xom's chessboard (15/15) (quivered)


   Skills:
 + Level 3.2 Fighting
 + Level 3.0 Axes
 * Level 2.4 Armour
 + Level 1.3 Dodging
 + Level 1.0 Evocations


You had 2 spell levels left.
You didn't know any spells.
Your spell library was empty.

Dungeon Overview and Level Annotations

Branches:
Dungeon (2/15)

Altars:


Innate Abilities, Weirdness & Mutations

Your touch may inflict minor irresistible damage on your foes.


Message History

The gnoll hits you with a +0 whip.
A goblin comes into view. It is wielding a +0 dagger.
You are too injured to fight recklessly!
You are too injured to fight recklessly!
You are too injured to fight recklessly!
You are too injured to fight recklessly!
You are too injured to fight recklessly!
You are too injured to fight recklessly!
You are too injured to fight recklessly!
You are too injured to fight recklessly!
You are too injured to fight recklessly!
You are too injured to fight recklessly!
You are too injured to fight recklessly!
You are too injured to fight recklessly!
You are too injured to fight recklessly!
Unknown command.
You closely miss the frilled lizard.
You touch the frilled lizard.
You kill the frilled lizard!
You barely miss the gnoll. You slash the gnoll!
An endoplasm comes into view.
The gnoll hits you from afar with a +0 spear.
The gnoll completely misses you. The gnoll barely misses you.
The gnoll misses you. The gnoll hits you with a +0 halberd!
* * * LOW HITPOINT WARNING * * *
The gnoll closely misses you.
A rat comes into view.
You aren't carrying any potions.
Okay, then.
The goblin barely misses you. The gnoll barely misses you.
The gnoll closely misses you. x2
Unknown command.
You slash the gnoll!
You kill the gnoll!
You hit the goblin.
You kill the goblin!
You closely miss the gnoll. You hit the endoplasm. You hit the gnoll.
You kill the gnoll!
The endoplasm hits you but does no damage.
The gnoll hits you with a +0 spear.
You die...

########.#.##
#..
.........#.#
###
########.#.#
######.#.# .#
#........#
#### ..
#.###.#.## #..
# #.###.###.#
#.# ##.##)##.#
..# ##..@)g.#
... #.#Jgg..#
..
#$..........#
#..........##.
..####......#
### ##.###.#
... .r. ### ..


You could see a gnoll, an endoplasm, 2 goblins and a rat.

Vanquished Creatures
  An adder (D:2)
  2 gnolls (D:2)
  A dart slug (D:1)
  3 ball pythons (D:1)
  3 endoplasms (D:1)
  3 giant cockroaches
  4 goblins
  3 hobgoblins (D:1)
  A quokka (D:1)
  5 bats
  3 frilled lizards
  5 kobolds (D:1)
  A rat (D:1)
35 creatures vanquished.

Notes
Turn   | Place    | Note
-------+----------+-------------------------------------------
     0 | D:1      | qeuew the Demonspawn Chaos Knight began the quest for the
                  | Orb.
     0 | D:1      | Reached XP level 1. HP: 18/18 MP: 1/1
   114 | D:1      | Reached skill level 1 in Dodging
   129 | D:1      | XOM: silly message
   189 | D:1      | Found a faded altar of an unknown god.
   202 | D:1      | Gained mutation: Your touch may inflict minor irresistible
                  | damage on your foes. [demonic ancestry]
   202 | D:1      | Reached XP level 2. HP: 24/24 MP: 2/2
   254 | D:1      | XOM: divination: magic mapping
   297 | D:1      | XOM: silly message
   311 | D:1      | XOM: silly message
   518 | D:1      | Reached XP level 3. HP: 27/29 MP: 3/3
   627 | D:1      | XOM: silly message
   643 | D:1      | XOM: silly message
   798 | D:1      | XOM: cloud trail
   900 | D:1      | XOM: god gift: 13 gold pieces
  1003 | D:2      | Reached skill level 1 in Evocations
  1083 | D:2      | HP: 1/29 [gnoll/+0 halberd (8)]
  1085 | D:2      | Slain by a gnoll

Illustrated notes

Levels and vault maps discovered:
D:1:      ncdulo_smallfort, layout_basic, chequers_ecumenical_altar_twisty
D:2:      layout_loops_ring, minmay_heptomino_o4

Skill      XL: |  1  2  3 |
---------------+----------+-----
Dodging        | 1 |  1.3
Armour         | 2 |  2.4
Axes           | 3 |  3.0
Evocations     | 1 |  1.0
Fighting       | |  3.2

Action                   || total
-------------------------++-------
Melee: Hand axe          ||    43
       War axe           ||    44
       Touch             ||     6
  Use: Scroll            ||     2
Armor: Leather armour    ||    29
Dodge: Dodged            ||    69

Table legend: (Time is in decaauts)
 A = Elapsed time spent in this place.
 B = Non-inter-level travel time spent in this place.
 C = Inter-level travel time spent in this place.
 D = Time resting spent in this place.
 E = Time spent auto-exploring this place.
 F = Levels seen in this place.
 G = Mean time per level.
                   A        B        C        D        E       F      G
               +--------+--------+--------+--------+--------+-----+--------+
         Total |   1105 |   1057 |     48 |      0 |    813 |   2 |  552.5 |
       Dungeon |   1105 |   1057 |     48 |      0 |    813 |   2 |  552.5 |
               +--------+--------+--------+--------+--------+-----+--------+

Top non-repeatable levels by time:
     D:1: 928 daAuts
     D:2: 177 daAuts
